General information
- name: BNet
- type: Ladder team game (AT/RT)
- host: Battle.net
- saver: JIIIIIIIIIMMYYY
map: FullScaleAssault
- players: 8
- length: 61:16
- speed: Fast
- version: 1.26 W3XP
- replay type: Public
» download(265 KB)
Players
team 1 (winner)
bwopbwop (
purple | 44 APM | 2718 actions | 61:14)
8 Blademaster
3 Wind Walk
3 Critical Strike
2 Mirror Image
» actions
| Assign group hotkey | 23 | |
| Basic commands | 172 | |
| Build / train | 93 | |
| Enter build submenu | 34 | |
| Enter hero's abilities submenu | 8 | |
| Give item / drop item | 1 | |
| Remove unit from queue | 3 | |
| Right click | 988 | |
| Select / deselect | 336 | |
| Select group hotkey | 945 | |
| Use ability | 115 | |
2718 total
» units
| Peon | 12 | |
| Troll Batrider | 51 | |
| Blue Dragon | 1 | |
64 total
» upgrades
| Ranged Weapons | 3 | |
| Liquid Fire | 1 | |
4 total
» buildings
| Altar of Storms | 2 | |
| Orc Burrow | 9 | |
| War Mill | 1 | |
| Voodoo Lounge | 1 | |
| Stronghold | 2 | |
| Fortress | 1 | |
| Beastiary | 3 | |
| Watch Tower | 2 | |
| Great Hall | 9 | |
30 total
» build order
00:05 Altar of Storms
00:07 Orc Burrow
01:05 War Mill
01:24 Voodoo Lounge
01:53 Orc Burrow
02:53 Stronghold
03:17 Orc Burrow
05:06 Orc Burrow
05:17 Fortress
05:50 Beastiary
05:53 Beastiary
05:57 Beastiary
06:59 Watch Tower
07:30 Watch Tower
08:59 Great Hall
12:31 Orc Burrow
21:04 Orc Burrow
21:51 Orc Burrow
30:09 Altar of Storms
30:28 Great Hall
33:23 Great Hall
33:36 Stronghold
38:38 Great Hall
40:07 Great Hall
42:00 Great Hall
43:59 Great Hall
44:51 Great Hall
45:07 Great Hall
45:59 Orc Burrow
47:19 Orc Burrow
» items
| Healing Salve | 1 | |
| Lesser Clarity Potion | 2 | |
| Potion of Mana | 1 | |
| Orb of Lightning | 2 | |
| Scroll of Town Portal | 1 | |
7 total
JIIIIIIIIIMMYYY (
blue | 37 APM | 2291 actions | 61:16)
5 Mountain King
3 Storm Bolt
2 Thunder Clap
» actions
| Assign group hotkey | 55 | |
| Basic commands | 363 | |
| Build / train | 80 | |
| Enter build submenu | 28 | |
| Enter hero's abilities submenu | 4 | |
| Give item / drop item | 2 | |
| Remove unit from queue | 1 | |
| Right click | 851 | |
| Select / deselect | 481 | |
| Select group hotkey | 383 | |
| Use ability | 43 | |
2291 total
» units
| Peasant | 8 | |
| Footman | 3 | |
| Gryphon Rider | 33 | |
44 total
» upgrades
| Swords | 3 | |
| Masonry | 3 | |
| Lumber Harvesting | 2 | |
| Armor | 3 | |
| Storm Hammers | 1 | |
| Animal War Training | 1 | |
13 total
» buildings
| Altar of Kings | 1 | |
| Barracks | 1 | |
| Farm | 13 | |
| Scout Tower | 7 | |
| Arcane Tower | 1 | |
| Keep | 1 | |
| Blacksmith | 1 | |
| Lumber Mill | 1 | |
| Guard Tower | 6 | |
| Castle | 1 | |
| Gryphon Aviary | 2 | |
| Arcane Vault | 1 | |
| Town Hall | 1 | |
37 total
» build order
00:07 Altar of Kings
00:10 Barracks
00:12 Farm
01:26 Farm
02:29 Farm
02:37 Scout Tower
03:03 Arcane Tower
03:21 Keep
03:42 Blacksmith
03:50 Farm
04:14 Lumber Mill
05:12 Scout Tower
05:20 Scout Tower
05:40 Guard Tower
05:49 Castle
05:57 Gryphon Aviary
06:14 Guard Tower
07:05 Scout Tower
07:23 Gryphon Aviary
07:34 Guard Tower
08:00 Farm
11:22 Arcane Vault
11:26 Farm
11:37 Farm
12:57 Town Hall
15:12 Farm
16:08 Scout Tower
16:12 Scout Tower
17:06 Guard Tower
17:07 Guard Tower
18:04 Scout Tower
20:15 Guard Tower
21:57 Farm
22:01 Farm
22:04 Farm
23:39 Farm
25:15 Farm
» items
| Boots of Speed | 1 | |
| Scroll of Regeneration | 3 | |
| Orb of Fire | 1 | |
| Potion of Healing | 1 | |
| Staff of Teleportation | 1 | |
7 total

»
deathdealer010 (
pink | 30 APM | 1858 actions | 61:14)
5 Blademaster
3 Wind Walk
2 Critical Strike
» actions
| Basic commands | 67 | |
| Build / train | 116 | |
| Enter build submenu | 24 | |
| Enter hero's abilities submenu | 6 | |
| Give item / drop item | 1 | |
| Remove unit from queue | 11 | |
| Right click | 1197 | |
| Select / deselect | 319 | |
| Use ability | 117 | |
1858 total
» units
| Peon | 10 | |
| Shaman | 27 | |
| Troll Headhunter/Berserker | 39 | |
| Blue Dragon | 3 | |
| Blue Drake | 2 | |
| Blue Dragon Whelp | 1 | |
82 total
» upgrades
| Troll Regeneration | 1 | |
| Shaman Training | 2 | |
| Berserker Upgrade | 1 | |
| Ranged Weapons | 1 | |
| Armor | 1 | |
6 total
» buildings
| Orc Burrow | 7 | |
| Altar of Storms | 3 | |
| Voodoo Lounge | 1 | |
| Stronghold | 0 | |
| Barracks | 1 | |
| War Mill | 1 | |
| Fortress | 1 | |
| Spirit Lodge | 1 | |
| Great Hall | 5 | |
| Watch Tower | 2 | |
22 total
» build order
00:10 Orc Burrow
00:15 Altar of Storms
01:10 Voodoo Lounge
02:08 Orc Burrow
03:26 Stronghold
03:35 Barracks
03:42 War Mill
06:16 Fortress
06:19 Orc Burrow
06:51 Spirit Lodge
07:20 Orc Burrow
10:16 Orc Burrow
14:15 Great Hall
21:54 Altar of Storms
22:53 Orc Burrow
23:22 Orc Burrow
24:32 Watch Tower
24:38 Watch Tower
29:51 Great Hall
29:54 Altar of Storms
30:39 Great Hall
32:30 Stronghold
33:58 Great Hall
38:02 Great Hall
» items
| Healing Salve | 3 | |
| Lesser Clarity Potion | 4 | |
| Scroll of Speed | 1 | |
| Potion of Mana | 2 | |
| Orb of Lightning | 1 | |
| Scroll of Town Portal | 1 | |
12 total
ofiuco (
green | 45 APM | 2533 actions | 55:57)
8 Demon Hunter
3 Immolation
3 Evasion
1 Metamorphosis
1 Mana Burn
6 Warden
3 Shadow Strike
2 Blink
1 Spirit of Vengeance
» actions
| Assign group hotkey | 19 | |
| Basic commands | 38 | |
| Build / train | 89 | |
| ESC pressed | 3 | |
| Enter build submenu | 30 | |
| Enter hero's abilities submenu | 14 | |
| Give item / drop item | 10 | |
| Remove unit from queue | 2 | |
| Right click | 1134 | |
| Select / deselect | 448 | |
| Select group hotkey | 596 | |
| Use ability | 148 | |
2533 total
» units
| Wisp | 23 | |
| Dryad | 15 | |
| Goblin Shredder | 1 | |
| Druid of the Claw | 4 | |
| Blue Dragon | 1 | |
| Goblin Zeppelin | 1 | |
45 total
» upgrades
| Strength of the Wild | 3 | |
| Druid of the Claw Training | 2 | |
| Abolish Magic | 1 | |
| Reinforced Hides | 3 | |
| Well Spring | 1 | |
| Mark of the Claw | 1 | |
| Ultravision | 1 | |
12 total
» buildings
| Altar of Elders | 1 | |
| Moon Well | 16 | |
| Ancient of Wonders | 1 | |
| Hunter's Hall | 1 | |
| Tree of Ages | 1 | |
| Ancient of Lore | 3 | |
| Tree of Eternity | 1 | |
| Tree of Life | 6 | |
30 total
» build order
00:10 Altar of Elders
00:16 Moon Well
01:14 Ancient of Wonders
01:18 Moon Well
02:02 Hunter's Hall
02:13 Moon Well
03:03 Tree of Ages
04:08 Moon Well
05:35 Ancient of Lore
05:36 Ancient of Lore
05:42 Tree of Eternity
06:16 Ancient of Lore
06:40 Tree of Life
13:08 Moon Well
13:12 Moon Well
17:19 Moon Well
17:20 Moon Well
31:39 Tree of Life
33:36 Tree of Life
35:37 Moon Well
36:09 Moon Well
37:20 Moon Well
39:48 Moon Well
39:49 Moon Well
40:22 Moon Well
42:11 Tree of Life
43:37 Moon Well
47:05 Moon Well
50:53 Tree of Life
51:41 Tree of Life
» items
| Lesser Clarity Potion | 1 | |
| Periapt of Vitality | 1 | |
| Boots of Speed | 2 | |
| Healing Salve | 2 | |
| Scroll of Speed | 2 | |
| Orb of Venom | 1 | |
| Orb of Lightning | 1 | |
| Scroll of Town Portal | 1 | |
11 total
team 2 (loser)

»
hempcee (
yellow | 28 APM | 545 actions | 19:44)
3 Shadow Hunter
2 Healing Wave
1 Serpent Ward
» actions
| Basic commands | 17 | |
| Build / train | 64 | |
| Enter build submenu | 24 | |
| Enter hero's abilities submenu | 3 | |
| Remove unit from queue | 1 | |
| Right click | 234 | |
| Select / deselect | 173 | |
| Use ability | 29 | |
545 total
» units
| Peon | 16 | |
| Grunt | 13 | |
| Shaman | 6 | |
| Tauren | 10 | |
45 total
» upgrades
| Armor | 2 | |
| Melee Weapons | 2 | |
| Spiked Barricades | 1 | |
| Shaman Training | 2 | |
| Pulverize | 1 | |
8 total
» buildings
| Altar of Storms | 1 | |
| Orc Burrow | 8 | |
| Barracks | 1 | |
| War Mill | 1 | |
| Voodoo Lounge | 1 | |
| Stronghold | 1 | |
| Fortress | 1 | |
| Spirit Lodge | 1 | |
| Great Hall | 1 | |
| Tauren Totem | 2 | |
| Watch Tower | 4 | |
22 total
» build order
00:09 Altar of Storms
00:14 Orc Burrow
00:50 Barracks
01:46 War Mill
02:32 Orc Burrow
02:48 Voodoo Lounge
03:23 Stronghold
04:27 Orc Burrow
04:56 Orc Burrow
05:45 Orc Burrow
07:25 Fortress
07:32 Spirit Lodge
09:44 Great Hall
10:32 Tauren Totem
10:34 Tauren Totem
10:50 Orc Burrow
11:58 Watch Tower
12:06 Watch Tower
12:09 Watch Tower
12:24 Watch Tower
14:43 Orc Burrow
15:49 Orc Burrow
» items
| Healing Salve | 2 | |
| Orb of Lightning | 1 | |
3 total
ROMOISAGIRL (
teal | 46 APM | 2811 actions | 61:14)
10 Blademaster
3 Wind Walk
3 Critical Strike
1 Bladestorm
3 Mirror Image
1 Far Seer
1 Chain Lighting
2 Shadow Hunter
1 Serpent Ward
1 Healing Wave
» actions
| Assign group hotkey | 33 | |
| Basic commands | 3 | |
| Build / train | 94 | |
| Enter build submenu | 35 | |
| Enter hero's abilities submenu | 13 | |
| Give item / drop item | 4 | |
| Remove unit from queue | 1 | |
| Right click | 1151 | |
| Select / deselect | 401 | |
| Select group hotkey | 792 | |
| Use ability | 284 | |
2811 total
» units
| Peon | 9 | |
| Wind Rider | 26 | |
| Goblin Shredder | 1 | |
| Goblin Zeppelin | 2 | |
| Troll Batrider | 16 | |
| Blue Dragon | 1 | |
55 total
» upgrades
| Envenomed Spears | 1 | |
| Reinforced Defenses | 1 | |
| Ranged Weapons | 1 | |
| Armor | 1 | |
4 total
» buildings
| Altar of Storms | 3 | |
| Orc Burrow | 14 | |
| Stronghold | 3 | |
| War Mill | 2 | |
| Voodoo Lounge | 1 | |
| Beastiary | 4 | |
| Fortress | 2 | |
| Great Hall | 2 | |
| Watch Tower | 52 | |
83 total
» build order
00:17 Altar of Storms
00:40 Orc Burrow
01:54 Stronghold
02:24 War Mill
02:37 Orc Burrow
03:09 Orc Burrow
03:40 Voodoo Lounge
04:28 Beastiary
04:35 Beastiary
05:35 Fortress
07:17 Orc Burrow
09:41 Great Hall
09:44 Watch Tower
09:44 Watch Tower
09:44 Watch Tower
09:45 Watch Tower
09:46 Watch Tower
09:46 Watch Tower
09:47 Watch Tower
09:49 Watch Tower
09:51 Watch Tower
09:52 Watch Tower
12:19 Watch Tower
12:19 Watch Tower
12:20 Watch Tower
12:21 Watch Tower
12:24 Watch Tower
12:24 Watch Tower
12:25 Watch Tower
12:26 Watch Tower
12:27 Watch Tower
12:28 Watch Tower
12:29 Watch Tower
12:30 Watch Tower
14:22 Watch Tower
14:28 Watch Tower
14:31 Watch Tower
14:32 Watch Tower
14:32 Watch Tower
14:33 Watch Tower
14:34 Watch Tower
14:35 Watch Tower
14:36 Watch Tower
14:45 Watch Tower
15:42 Watch Tower
15:42 Watch Tower
15:42 Watch Tower
15:44 Watch Tower
17:18 Watch Tower
17:19 Watch Tower
17:20 Watch Tower
17:24 Orc Burrow
17:24 Orc Burrow
20:21 Stronghold
26:28 Watch Tower
26:28 Watch Tower
26:29 Watch Tower
26:29 Watch Tower
26:30 Watch Tower
26:31 Watch Tower
26:31 Watch Tower
26:31 Watch Tower
26:33 Watch Tower
26:34 Watch Tower
27:44 Watch Tower
27:44 Watch Tower
27:45 Watch Tower
30:32 Fortress
30:36 Altar of Storms
30:38 Orc Burrow
31:24 Altar of Storms
31:44 Beastiary
33:07 Orc Burrow
34:05 Orc Burrow
35:44 War Mill
36:37 Orc Burrow
36:38 Orc Burrow
36:40 Orc Burrow
37:48 Orc Burrow
38:12 Orc Burrow
44:22 Beastiary
54:58 Great Hall
» items
| Healing Salve | 2 | |
| Staff of Teleportation | 1 | |
| Dust of Appearance | 3 | |
| Boots of Speed | 1 | |
| Potion of Healing | 1 | |
| Scroll of Town Portal | 2 | |
| Potion of Lesser Invulnerability | 3 | |
13 total
ExpendablePro (
red | 35 APM | 688 actions | 19:30)
2 Keeper of the Grove
1 Entangling Roots
1 Force of Nature
» actions
| Basic commands | 2 | |
| Build / train | 63 | |
| Enter build submenu | 19 | |
| Enter hero's abilities submenu | 2 | |
| Remove unit from queue | 2 | |
| Right click | 294 | |
| Select / deselect | 266 | |
| Use ability | 40 | |
688 total
» units
| Wisp | 24 | |
| Archer | 5 | |
| Dryad | 20 | |
| Goblin Zeppelin | 2 | |
51 total
» upgrades
| Strength of the Moon | 0 | |
| Reinforced Hides | 2 | |
| Strength of the Wild | 2 | |
| Abolish Magic | 1 | |
5 total
» buildings
| Altar of Elders | 1 | |
| Moon Well | 7 | |
| Ancient of War | 1 | |
| Tree of Ages | 1 | |
| Hunter's Hall | 1 | |
| Ancient of Lore | 2 | |
| Tree of Life | 2 | |
| Tree of Eternity | 1 | |
| Ancient of Wonders | 1 | |
| Ancient Protector | 1 | |
18 total
» build order
00:07 Altar of Elders
00:09 Moon Well
00:42 Ancient of War
02:06 Moon Well
03:13 Moon Well
03:14 Tree of Ages
03:45 Hunter's Hall
05:32 Moon Well
06:37 Ancient of Lore
08:36 Moon Well
08:41 Tree of Life
09:34 Ancient of Lore
09:40 Tree of Life
11:53 Tree of Eternity
13:46 Ancient of Wonders
14:01 Moon Well
14:06 Moon Well
15:10 Ancient Protector

»
M.P.F.I. (
orange | 22 APM | 428 actions | 19:27)
2 Paladin
1 Divine Shield
1 Devotion Aura
» actions
| Assign group hotkey | 7 | |
| Build / train | 34 | |
| Enter build submenu | 20 | |
| Enter hero's abilities submenu | 3 | |
| Remove unit from queue | 1 | |
| Right click | 148 | |
| Select / deselect | 129 | |
| Select group hotkey | 57 | |
| Use ability | 29 | |
428 total
» units
| Peasant | 7 | |
| Flying Machine | 3 | |
| Siege Engine | 2 | |
12 total
» upgrades
| Lumber Harvesting | 2 | |
| Masonry | 2 | |
| Flak Cannons | 1 | |
| Flying Machine Bombs | 1 | |
| Barrage | 1 | |
7 total
» buildings
| Farm | 8 | |
| Scout Tower | 7 | |
| Arcane Tower | 3 | |
| Lumber Mill | 1 | |
| Altar of Kings | 1 | |
| Keep | 1 | |
| Castle | 1 | |
| Blacksmith | 1 | |
| Workshop | 3 | |
| Arcane Vault | 1 | |
| Cannon Tower | 2 | |
29 total
» build order
01:35 Farm
01:38 Scout Tower
02:11 Arcane Tower
02:16 Lumber Mill
02:22 Scout Tower
02:55 Arcane Tower
03:01 Farm
03:35 Altar of Kings
03:42 Farm
03:51 Farm
04:35 Keep
04:58 Farm
05:05 Scout Tower
05:50 Farm
05:53 Arcane Tower
06:31 Farm
07:05 Castle
07:09 Farm
08:28 Blacksmith
09:51 Workshop
09:56 Workshop
10:00 Workshop
11:13 Arcane Vault
11:41 Scout Tower
11:42 Scout Tower
14:17 Cannon Tower
14:20 Scout Tower
14:22 Scout Tower
15:14 Cannon Tower
» items
| Boots of Speed | 1 | |
| Potion of Healing | 2 | |
| Orb of Fire | 1 | |
4 total
Chat log
(00:46 / Allies) bwopbwop: i'll get bats
(00:53 / Allies) JIIIIIIIIIMMYYY: I'll get AIDS
(00:53 / Allies) deathdealer010: hunters shamens
(01:18 / Allies) deathdealer010: purple wanna
(01:54 / Allies) ofiuco: im bear and driad
(02:52 / Allies) deathdealer010: hit /r then space and it while bring up the person who last whispered you
(03:00 / Allies) JIIIIIIIIIMMYYY: cool story bor
(03:56 / Allies) deathdealer010: blademaster haras moide
(06:22 / All) deathdealer010: ill be back?
(06:28 / Allies) JIIIIIIIIIMMYYY: you going afk?
(06:29 / Allies) bwopbwop: oops
(06:33 / All) JIIIIIIIIIMMYYY: you going afk?
(06:35 / Allies) deathdealer010: no talking to red
(06:40 / Allies) deathdealer010: he ran me away
(10:47 / Allies) deathdealer010: tanks?
(12:08 / All) M.P.F.I.: gema
(12:23 / Allies) bwopbwop: i'm gonna hit top main with bats
(12:47 / Allies) deathdealer010: oj is getting aa
(12:54 / Allies) deathdealer010: to let everyone know
(13:12 / Allies) deathdealer010: who took my lighting orb
(13:17 / Allies) bwopbwop: i'm gonna finish his main
(13:58 / Allies) bwopbwop: damn it
(13:59 / Allies) bwopbwop: almost
(14:04 / All) ROMOISAGIRL: nigga
(14:06 / Allies) deathdealer010: shoulda stayed little longer
(14:06 / All) ROMOISAGIRL: suck my dick
(14:38 / Allies) deathdealer010: go back putrple dont let him repair
(15:54 / Allies) ofiuco: hey mi claws
(16:10 / Allies) deathdealer010: damit
(16:11 / Allies) ofiuco: pink
(16:16 / Allies) deathdealer010: so close i wanted that dragons
(16:26 / Allies) deathdealer010: lol thats not going to help
(16:46 / Allies) ofiuco: my claws 12
(16:49 / Allies) deathdealer010: im an assasin
(16:51 / Allies) deathdealer010: here
(16:51 / Allies) ofiuco: puink
(17:03 / Allies) deathdealer010: 200 for claws have fun
(17:32 / Allies) deathdealer010: damn purple
(17:36 / Allies) deathdealer010: going tto rape some mains much
(18:19 / Allies) deathdealer010: purple take out his hero
(18:40 / Allies) deathdealer010: lol raped
(18:42 / Allies) deathdealer010: finish him
(18:46 / Allies) deathdealer010: han gin blue
(18:54 / Allies) deathdealer010: almsot rresed
(19:14 / All) M.P.F.I.: myteam is nb
(19:23 / All) M.P.F.I.: im exit
(19:25 / All) M.P.F.I.: gamer
(19:34 / All) ROMOISAGIRL: wow
(19:43 / Allies) deathdealer010: gj purple
(19:50 / Allies) bwopbwop: lol
(21:19 / Allies) JIIIIIIIIIMMYYY: thanks
(22:03 / Allies) deathdealer010: ty
(22:26 / Allies) deathdealer010: kill teal for my revenge purple
(22:31 / Allies) deathdealer010: he has towers and wyvs
(22:39 / Allies) deathdealer010: give you a heads up i killed somt towers btw
(25:03 / All) bwopbwop: just leave
(25:20 / All) ROMOISAGIRL: no,
(25:34 / All) deathdealer010: fine then die like your teammates
(25:36 / Allies) bwopbwop: it's over a long time ago
(25:44 / Allies) JIIIIIIIIIMMYYY: may I please have 70 lumber?
(25:48 / Allies) deathdealer010: that was in allies purple
(25:54 / Allies) JIIIIIIIIIMMYYY: ty
(26:01 / Allies) deathdealer010: np
(26:34 / Allies) bwopbwop: wtf
(26:35 / Allies) bwopbwop: blue
(26:46 / Allies) bwopbwop: why did u hit my base?
(26:52 / Allies) JIIIIIIIIIMMYYY: because teal must win
(27:17 / Allies) bwopbwop: u guys are doing anything about this?
(27:18 / Allies) deathdealer010: wtf is wrong with you blue
(27:29 / Allies) deathdealer010: just finish teal
(27:32 / Allies) deathdealer010: cant do anything
(27:40 / Allies) deathdealer010: why attack him let him rage
(27:52 / Allies) bwopbwop: blue
(27:55 / Allies) bwopbwop: stop it
(28:03 / Allies) deathdealer010: blue stop the rage
(28:11 / Allies) JIIIIIIIIIMMYYY: what rage? it's funny
(28:29 / Allies) ofiuco: hey blue
(28:49 / All) deathdealer010: teal i have the money keep killing me
(28:54 / All) deathdealer010: lol teal now die
(29:01 / All) deathdealer010: me as a decoy love it
(29:16 / All) JIIIIIIIIIMMYYY: you haven't won
(29:24 / Allies) deathdealer010: yes we have
(29:29 / Allies) JIIIIIIIIIMMYYY: not if I can help it
(29:43 / Allies) deathdealer010: lol wat is wrong with this guy
(30:15 / Allies) deathdealer010: go green
(30:24 / All) JIIIIIIIIIMMYYY: FUCK GREEN, GO ME BTICH
(30:49 / Allies) deathdealer010: use dragon
(30:58 / Allies) deathdealer010: poen
(31:06 / Allies) deathdealer010: hes a runner
(31:18 / Allies) deathdealer010: more poen
(31:49 / Allies) deathdealer010: blue why you tking now wtf
(32:00 / Allies) bwopbwop: it's a waste of time
(32:10 / Allies) deathdealer010: let us finbish this plz
(32:22 / All) JIIIIIIIIIMMYYY: hell no pink
(32:28 / All) JIIIIIIIIIMMYYY: after how you talked to my friend
(32:32 / All) JIIIIIIIIIMMYYY: you shall never know winning
(32:39 / Allies) deathdealer010: ?
(32:43 / Allies) deathdealer010: talk to your friend
(32:49 / Allies) deathdealer010: wat are you tlaking aobut get over it
(32:52 / Allies) deathdealer010: its a friends
(32:54 / All) JIIIIIIIIIMMYYY: my friend is teal, in case you are that stupid
(33:12 / Allies) deathdealer010: im not ik get over it
(33:18 / Allies) deathdealer010: wat are you gay for him
(33:22 / All) JIIIIIIIIIMMYYY: lol
(33:28 / Allies) deathdealer010: lol i think he is
(33:34 / All) JIIIIIIIIIMMYYY: actual quote from pink
(33:38 / All) JIIIIIIIIIMMYYY: "are you gay for him"
(33:48 / Allies) deathdealer010: lol ik ik
(33:56 / Allies) bwopbwop: hey, i didn't say shit to teal
(34:04 / Allies) bwopbwop: stop it
(34:15 / Allies) JIIIIIIIIIMMYYY: you tried killing him with bats
(34:16 / Allies) bwopbwop: come on
(34:17 / Allies) deathdealer010: hes right hey wait iether did i
(34:19 / Allies) JIIIIIIIIIMMYYY: thats why they did no damage
(34:21 / Allies) JIIIIIIIIIMMYYY: I warned him
(34:38 / Allies) bwopbwop: what? should i sit there and let teal win?
(34:43 / Allies) bwopbwop: it's a game
(34:50 / Allies) bwopbwop: of course i try to end him with bats
(35:41 / Allies) deathdealer010: green
(36:03 / Allies) ofiuco: destroy blue
(36:08 / Allies) bwopbwop: i gave u money, blue
(36:11 / Allies) JIIIIIIIIIMMYYY: yep
(36:14 / Allies) JIIIIIIIIIMMYYY: wonder why I asked for it
(36:19 / Allies) JIIIIIIIIIMMYYY: I can see their shit
(37:26 / Allies) bwopbwop: pink, finish blue first
(37:35 / Allies) bwopbwop: green
(37:39 / Allies) deathdealer010: omw
(37:40 / All) ROMOISAGIRL: leave faggots
(37:53 / All) bwopbwop: u lost, u leave
(37:54 / Allies) deathdealer010: lol hes finihsing mer
(38:00 / All) JIIIIIIIIIMMYYY: you guys suck
(38:05 / All) JIIIIIIIIIMMYYY: leave and give teal his win
(38:14 / All) bwopbwop: why, it's our win
(38:26 / All) bwopbwop: he doesn't deserve it
(41:23 / Allies) deathdealer010: gj guys
(41:33 / Allies) JIIIIIIIIIMMYYY: you clowns haven't won yet
(43:05 / Allies) JIIIIIIIIIMMYYY: that's the rape wyverns
(43:08 / Allies) JIIIIIIIIIMMYYY: ready to ride you
(48:15 / Allies) deathdealer010: this is rediculous
(48:47 / Allies) deathdealer010: look out
(49:02 / Allies) ofiuco: blue leave plx
(50:09 / Allies) deathdealer010: green how much gold you got we need your demon hunter
(50:15 / Allies) JIIIIIIIIIMMYYY: I have 2707
(50:21 / Allies) JIIIIIIIIIMMYYY: o wait green? lol you lose the game
(50:29 / Allies) ofiuco: k
(51:10 / Allies) deathdealer010: ill give you the money you need green how much
(51:45 / Allies) JIIIIIIIIIMMYYY: killing my shit makes our team lose noobs
(51:52 / Allies) deathdealer010: there blue is fucked now all we have is his stupid units
(51:53 / Allies) bwopbwop: i don't care
(52:40 / Allies) deathdealer010: green how much gold you need
(53:12 / All) ROMOISAGIRL: fuck u faggots
(53:19 / All) deathdealer010: this is bullshit that blue is such a bitch
(53:22 / All) bwopbwop: fuck u and your faggot blue gay friend
(53:27 / All) JIIIIIIIIIMMYYY: GET RAPED, SON
(53:37 / Allies) deathdealer010: purple how much gold you need to res
(53:38 / All) bwopbwop: i challenge u guys 1 on 1
(53:39 / Allies) bwopbwop: i
(53:39 / All) JIIIIIIIIIMMYYY: HOW DOES IT FEEL
(53:44 / All) ROMOISAGIRL: u lost faggot
(53:44 / All) JIIIIIIIIIMMYYY: TO BE RAPED SO HARD
(53:45 / All) bwopbwop: i'll rape the shit out of u guys
(53:46 / All) JIIIIIIIIIMMYYY: ????????????
(53:50 / Allies) deathdealer010: purple
(53:53 / Allies) deathdealer010: how much gold you got
(53:58 / Allies) deathdealer010: i can res you
(53:58 / Allies) bwopbwop: 700
(54:02 / Allies) deathdealer010: kk good
(54:12 / Allies) deathdealer010: click and res
(54:20 / Allies) deathdealer010: green you do the same
(54:25 / Allies) bwopbwop: fuck
(54:28 / All) JIIIIIIIIIMMYYY: you faggots
(54:30 / Allies) bwopbwop: that requires 1000
(54:32 / All) JIIIIIIIIIMMYYY: got RAPED so hard
(54:35 / All) JIIIIIIIIIMMYYY: that your assholes are bleeding
(54:38 / All) JIIIIIIIIIMMYYY: PUS
(54:44 / Allies) bwopbwop: no burrow
(54:45 / Allies) bwopbwop: either
(54:55 / Allies) bwopbwop: sorry
(55:01 / Allies) deathdealer010: ugh all good
(55:04 / Allies) deathdealer010: blue is a bitch
(55:05 / All) JIIIIIIIIIMMYYY: your building spread
(55:07 / Allies) deathdealer010: omw
(55:09 / All) JIIIIIIIIIMMYYY: is like your mom's leg spread
(55:10 / All) JIIIIIIIIIMMYYY: during sex
(55:28 / All) bwopbwop: your mom can't even spread her legs
(55:33 / All) JIIIIIIIIIMMYYY: that's because
(55:36 / All) bwopbwop: coz she's too fat
(55:37 / All) JIIIIIIIIIMMYYY: she was too busy
(55:40 / All) JIIIIIIIIIMMYYY: RAPING YOU
(55:54 / All) bwopbwop: i would love to fuck your mama
(55:56 / All) JIIIIIIIIIMMYYY: your asshole is practically bleeding gangrene
(56:04 / All) JIIIIIIIIIMMYYY: I bet
(56:06 / All) JIIIIIIIIIMMYYY: in the morning
(56:08 / All) JIIIIIIIIIMMYYY: from all the rape
(56:11 / All) bwopbwop: your mama has a dick?
(56:13 / All) JIIIIIIIIIMMYYY: it will be necrotic
(56:17 / All) bwopbwop: that explains a lot
(56:23 / All) JIIIIIIIIIMMYYY: and you'll have to get your asshole amputated
(56:27 / All) JIIIIIIIIIMMYYY: because it's rotting flesh
(56:29 / All) bwopbwop: u probably have a virgina
(56:42 / All) bwopbwop: what a freak
(56:51 / All) JIIIIIIIIIMMYYY: it's a serious condition, necrosis
(56:55 / All) JIIIIIIIIIMMYYY: TOO BAD YOU HAVE IT LMAO
(57:05 / All) ROMOISAGIRL: purple u got raped so hard
(57:05 / All) JIIIIIIIIIMMYYY: get RAPED, son
(57:20 / All) JIIIIIIIIIMMYYY: do you like a DEFEAT SCREEN, BITCH?
(57:21 / All) ROMOISAGIRL: im posting this replay and telling evrybody how purple got owned
(57:22 / All) deathdealer010: to bad teals to bad he has to have his gay buddy to tk
(57:32 / All) bwopbwop: please
(57:36 / All) JIIIIIIIIIMMYYY: the entire internet will see you get your asshole raped
(57:39 / All) ROMOISAGIRL: my entire team left loser and i didn't even touch their units, u just suck
(57:40 / All) JIIIIIIIIIMMYYY: highper.ch
(57:42 / All) JIIIIIIIIIMMYYY: will be where it is
(57:46 / All) bwopbwop: teal, u can only rely on your gay friend to tk to win
(57:57 / All) deathdealer010: yep
(58:02 / All) JIIIIIIIIIMMYYY: only you can reply on being awful at Warcraft III
(58:08 / All) bwopbwop: does that make u feel like a man, teal?
(58:18 / All) deathdealer010: lol a man hes like 7
(58:19 / All) JIIIIIIIIIMMYYY: pink
(58:20 / All) JIIIIIIIIIMMYYY: nice 12 wins
(58:23 / All) JIIIIIIIIIMMYYY: and 13 losses
(58:23 / All) deathdealer010: fuck being a man
(58:24 / All) JIIIIIIIIIMMYYY: ratio
(58:28 / All) JIIIIIIIIIMMYYY: you have a SHIT record
(58:29 / All) deathdealer010: lol
(58:34 / All) deathdealer010: yea look at my overall
(58:36 / All) JIIIIIIIIIMMYYY: nice <50% record
(58:39 / All) deathdealer010: over 400 wins idoit
(58:46 / All) JIIIIIIIIIMMYYY: over 800 losses, too
(58:49 / All) JIIIIIIIIIMMYYY: at this rate of suck
(58:55 / All) deathdealer010: no i think its over 500
(59:03 / All) JIIIIIIIIIMMYYY: I bet that you couldn't even hire a hooker to suck you
(59:06 / All) deathdealer010: but idc bout record
(59:07 / All) bwopbwop: it's not rape if we don't even care about you, blue
(59:13 / All) JIIIIIIIIIMMYYY: because you don't even have a working mouth
(59:22 / All) JIIIIIIIIIMMYYY: it's too busy cursing at people in video games like WARCRAFT III
(59:22 / All) bwopbwop: i'm sure you do, blue
(59:24 / All) deathdealer010: lol blue your a fucking noob
(59:34 / All) JIIIIIIIIIMMYYY: I'm the noob that kicked your ass
(59:39 / All) deathdealer010: tking
(59:43 / All) bwopbwop: it's not kicking ass if u r tk
(59:50 / All) bwopbwop: stupid
(59:52 / All) JIIIIIIIIIMMYYY: you're right
(59:53 / All) JIIIIIIIIIMMYYY: it'
(59:55 / All) ROMOISAGIRL: stabbing and 4v4rt are teh same things morons
(59:56 / All) JIIIIIIIIIMMYYY: s
(59:59 / All) JIIIIIIIIIMMYYY: molesting it
(60:05 / All) ROMOISAGIRL: if u cant beat a stabber then it means u got owned
(60:11 / All) JIIIIIIIIIMMYYY: ^^^^^^^^^^
(60:16 / All) bwopbwop: i didn't care about that stabber
(60:26 / All) ROMOISAGIRL: we embarassed u purple
(60:30 / All) JIIIIIIIIIMMYYY: here comes the RAPE DRAGON
(60:34 / All) ROMOISAGIRL: just stop playing wc3
(60:36 / All) deathdealer010: lol teal you did shit
(60:38 / All) JIIIIIIIIIMMYYY: ready to bring your pisspoor w/l ratio even more down
(60:39 / All) JIIIIIIIIIMMYYY: SON
(60:42 / All) bwopbwop: it's this faggot relationship between u two i'm more disgusted by
(61:03 / All) JIIIIIIIIIMMYYY: I'm more disgusted
(61:06 / All) JIIIIIIIIIMMYYY: by how fucking bad
(61:08 / All) JIIIIIIIIIMMYYY: you are at this game
(61:11 / All) JIIIIIIIIIMMYYY: gg noob